 Dungeon Crawl Stone Soup version 0.29-a0-330-g52719c12eb (webtiles) character file.

Game seed: 7417848892327111795

283298 Ajdolov the Tortoise (level 20, -8/160 HPs)
             Began as a Barachi Ice Elementalist on Apr 19, 2022.
             Was the Champion of Cheibriados.
             Mangled by a titanic slime creature (63 damage)
             ... on level 2 of the Vaults.
             The game lasted 02:02:44 (42600 turns).

Ajdolov the Tortoise (Barachi Ice Elementalist)    Turns: 42600, Time: 02:02:45

Health: -8/160     AC: 41    Str: 26    XL:     20   Next: 55%
Magic:  25/34      EV: 20    Int: 40    God:    Cheibriados [******]
Gold:   2325       SH: 14    Dex: 27    Spells: 29/39 levels left

rFire   + + +      SeeInvis .   W - +6 demon trident (freeze)
rCold   + . .      Faith    .   N - +1 buckler "Kourhajo" {rF++ Int-2}
rNeg    . . .      Spirit   .   M - +4 ring mail of the Alphagorgon {Regen+}
rPois   .          Reflect  +   L - +2 helmet {Int+3}
rElec   .          Harm     .   u - +2 cloak
rCorr   .          Rampage  .   C - +2 pair of gloves
Will    +....                   j - +2 pair of boots
Stlth   ++++......              z - amulet of reflection
HPRegen 1.16/turn               H - ring of protection from cold
MPRegen 0.24/turn               I - ring "Heolif" {rF+ AC+4}

@: ice-armoured, unable to hop, freezing walls, very slow
A: amphibious, slowness 1, strong legs 2, +LOS
}: 2/15 runes: serpentine, barnacled
a: Hop, Renounce Religion, Bend Time, Temporal Distortion, Slouch, Step From
Time


You were on level 2 of the Vaults.
You worshipped Cheibriados.
Cheibriados was exalted by your worship.
You visited 7 branches of the dungeon, and saw 32 of its levels.
You visited the Abyss 3 times.
You also visited: Ice Cave.

You collected 4460 gold pieces.
You spent 2135 gold pieces at shops.

Inventory:

Hand Weapons
 S - the +4 trident of Fee Simple {venom, Fly rPois}
   (You found it on level 6 of the Lair of Beasts)

   It poisons the flesh of those it strikes.
   rPois:     It protects you from poison.
   Fly:       It grants you flight.
 W - a +6 demon trident of freezing (weapon)
Armour
 j - a +2 pair of boots (worn)
 u - a +2 cloak (worn)
 C - a +2 pair of gloves (worn)
 L - a +2 helmet of intelligence (worn)
 M - the +4 ring mail of the Alphagorgon (worn) {Regen+}
   (You found it on level 2 of the Lair of Beasts)

   Regen:     It increases your rate of health regeneration.
 N - the +1 buckler "Kourhajo" (worn) {rF++ Int-2}
   (You acquired it on level 12 of the Dungeon)

   Int:       It affects your intelligence (-2).
   rF:        It greatly protects you from fire.
 U - +3 gold dragon scales
Jewellery
 z - an amulet of reflection (around neck)
 F - a ring of poison resistance
 H - a ring of protection from cold (left hand)
 I - the ring "Heolif" (right hand) {rF+ AC+4}
   (You bought it in a shop on level 2 of the Orcish Mines)

   [ring of protection]

   AC:        It affects your AC (+4).
   rF:        It protects you from fire.
 Q - an amulet of regeneration
 R - an amulet of faith
 T - a ring of positive energy
Wands
 c - a wand of flame (49)
 q - a wand of polymorph (12)
 G - a wand of iceblast (28)
 J - a wand of paralysis (9)
 O - a wand of acid (8)
Scrolls
 a - 7 scrolls of noise
 d - 5 scrolls of summoning
 e - 3 scrolls of fog
 f - 15 scrolls of teleportation
 g - 6 scrolls of vulnerability
 k - 2 scrolls of fear
 l - 6 scrolls of magic mapping
 n - 7 scrolls of blinking
 A - 5 scrolls of amnesia
 K - 2 scrolls of holy word
 P - 3 scrolls of silence
Potions
 b - 2 potions of magic
 h - 8 potions of might
 i - 5 potions of heal wounds
 m - 6 potions of mutation
 o - 9 potions of flight
 p - 14 potions of curing
 r - 6 potions of brilliance
 s - 5 potions of haste
 t - 8 potions of lignification
 v - 2 potions of ambrosia
 w - 3 potions of attraction
 x - 3 potions of resistance
 B - 3 potions of invisibility
 E - 2 potions of cancellation
Miscellaneous
 y - a condenser vane
 D - a lightning rod (3/4)
 V - a phantom mirror


   Skills:
 - Level 14.5 Fighting
 - Level 14.0 Polearms
 - Level 20.0 Armour
 - Level 10.0 Dodging
 * Level 7.4 Stealth
 * Level 10.9 Shields
 - Level 10.0 Spellcasting
 - Level 10.0 Conjurations
 - Level 8.7 Fire Magic
 - Level 10.2 Ice Magic
 - Level 10.0 Invocations
 - Level 10.3 Evocations


You had 29 spell levels left.
You knew the following spells:

 Your Spells              Type           Power      Damage    Failure   Level
a - Hailstorm             Conj/Ice       79%        3d16      1%          4
b - Frozen Ramparts       Ice            100%       1d12      1%          3
c - Ozocubu's Armour      Ice            80%        N/A       1%          3

Your spell library contained the following spells:

 Spells                   Type           Power      Damage    Failure   Level
 Foxfire                  Conj/Fire      100%       2x1d9     1%          1
 Freeze                   Ice            100%       1d11      1%          1
 Magic Dart               Conj           100%       1d8       1%          1
 Ensorcelled Hibernation  Hex/Ice        100%       N/A       1%          2
 Searing Ray              Conj           100%       2d8       1%          2
 Stone Arrow              Conj/Erth      100%       3d13      1%          3
 Fireball                 Conj/Fire      38%        3d16      1%          5
 Iskenderun's Battlesphe  Conj           79%        2d13      1%          5
 Animate Skeleton         Necr           40%        N/A       2%          1
 Apportation              Tloc           40%        N/A       2%          1
 Sandblast                Erth           40%        2d10      2%          1
 Slow                     Hex            80%        N/A       2%          1
 Summon Small Mammal      Summ           80%        N/A       2%          1
 Fulminant Prism          Conj/Hex       28%        3d14      3%          4
 Iskenderun's Mystic Bla  Conj/Tloc      56%        2d12      3%          4
 Passwall                 Tmut/Erth      16%        N/A       4%          2
 Confusing Touch          Hex            20%        N/A       8%          3
 Swiftness                Air            20%        N/A       8%          3
 Vampiric Draining        Necr           20%        2d7       8%          3
 Metabolic Englaciation   Hex/Ice        28%        N/A       9%          5
 Starburst                Conj/Fire      38%        6d11      9%          6
 Lightning Bolt           Conj/Air       28%        1d44      10%         5
 Airstrike                Air            10%        N/A       26%         4
 Animate Armour           Summ/Erth      40%        N/A       26%         4
 Petrify                  Tmut/Erth      20%        N/A       26%         4
 Summon Lightning Spire   Summ/Air       20%        N/A       26%         4
 Conjure Ball Lightning   Conj/Air       28%        3x3d8     45%         6
 Iron Shot                Conj/Erth      28%        9d6       45%         6
 Lee's Rapid Deconstruct  Erth           10%        3d9*      58%         5
 Spellforged Servitor     Conj/Summ      28%        N/A       96%         7
 Statue Form              Tmut/Erth      13%        N/A       99%         6
 Ignition                 Fire           37%        3d11      99%         8
 Lehudib's Crystal Spear  Conj/Erth      28%        10d7      100%        8


Dungeon Overview and Level Annotations

Branches:
Dungeon (13/15)            Temple (1/1) D:6            Lair (6/6) D:8
 Shoals (4/4) Lair:4        Snake (4/4) Lair:4        Slime (0/5) Lair:6
    Orc (2/2) D:9             Elf (0/3) Orc:2        Vaults (2/5) D:13
  IceCv (visited)
  Crypt: Vaults:2-3

Altars:
Ashenzari
Cheibriados
Dithmenos
Elyvilon
Fedhas
Gozag
Hepliaklqana
Kikubaaqudgha
Makhleb
Nemelex Xobeh
Okawaru
Qazlal
Ru
Sif Muna
Trog
Uskayaw
Vehumet
Wu Jian
Xom
Yredelemnul
Zin
The Shining One

Shops:
D:5 *   Orc:2 =(*[*   Snake:1 *(:*   Vaults:1 [

Annotations:
D:10 exclusion: orange crystal statue
Lair:2 1 runed translucent door, tuurum's ghost, journeyman MiBe
Lair:5 2 transporters, kae's ghost, journeyman DgFE
Vaults:2 2 transporters


Innate Abilities, Weirdness & Mutations

You are amphibious.
You cover ground slowly.
You can hop long distances.
You have an extended range of vision and can be seen from far away.


Message History

Here: a titanic slime creature (moderately wounded)
The floor.
Hop to where?
Press: ? - help, Dir - move target Your icy armour and frozen ramparts will break if you move.
Continue?
Your icy armour cracks and falls away as you move.
The frozen ramparts melt away as you move.
Boing!
Casting: Ozocubu's Armour (safe; 1% risk of failure)
Confirm with . or Enter, or press ? or * to list all spells.
Casting: Frozen Ramparts (safe; 1% risk of failure)
Press: ? - help, Dir - look around, f - activate
Okay, then.
Casting: Frozen Ramparts (safe; 1% risk of failure)
Confirm with . or Enter, or press ? or * to list all spells.
Casting: Frozen Ramparts (safe; 1% risk of failure)
Press: ? - help, Dir - look around, f - activate The walls around you are covered in ice.
The wall freezes the titanic slime creature!
You block the titanic slime creature's attack.
You hit the titanic slime creature. You freeze the titanic slime creature.
The titanic slime creature is moderately wounded.
Unknown command.
You puncture the titanic slime creature!
You freeze the titanic slime creature!
The titanic slime creature is heavily wounded.
The wall freezes the titanic slime creature.
The titanic slime creature hits you!!
Unknown command.
You puncture the titanic slime creature!
You freeze the titanic slime creature.
The titanic slime creature is heavily wounded.
The wall freezes the titanic slime creature.
You block the titanic slime creature's attack.
Casting: Frozen Ramparts (safe; 1% risk of failure)
Confirm with . or Enter, or press ? or * to list all spells.
A film of ice covers your body!
The wall freezes the titanic slime creature.
The titanic slime creature hits you!!!
You die...

..##..#..#.# #......#
...##.##.#.# #......#
.©#.....##.# #......#
####.p###..# ......#
.©.#####..## J.... .........##
...
#'#####################'########
................................
................@J..............
################################


You could see a titanic slime creature.

Vanquished Creatures
  Saint Roka (Orc:1)
  Jorgrun (Shoals:1)
  A kraken (Shoals:2)
  A sphinx (Vaults:2)
  Polyphemus (Shoals:4)
  Roxanne (Shoals:1)
  4 nagarajas (Snake:4)
  Ilsuiw (Shoals:3)
  A frost giant (Shoals:4)
  A vault warden (Vaults:1)
  A balrug (Abyss:2)
  An orc warlord (Orc:2)
  A war gargoyle (Vaults:2)
  A very ugly thing (Vaults:1)
  4 ironbound preservers
  2 ironbound thunderhulks (Vaults:1)
  A deep elf demonologist (Vaults:1)
  A lorocyproca (Abyss:2)
  An entropy weaver (Vaults:2)
  2 dire elephants (Vaults:1)
  4 merfolk javelineers
  An ettin (Vaults:1)
  Josephine (Lair:4)
  11 merfolk impalers
  3 great orbs of eyes
  4 salamander tyrants
  4 yaktaur captains (Vaults:1)
  9 naga warriors
  A spriggan zombie (Abyss:2)
  2 peacekeepers
  A rakshasa (D:11)
  4 hydras
  3 catoblepae
  6 centaur warriors
  2 death knights
  7 boulder beetles
  2 ironbound frosthearts
  9 anacondas
  An alligator snapping turtle (Shoals:4)
  2 ogre magi
  13 two-headed ogres
  5 merfolk aquamancers
  9 merfolk avatars
  3 death yaks (Shoals:4)
  3 satyrs
  A tengu warrior (D:13)
  11 naga sharpshooters
  4 sun demons (Abyss:2)
  3 thrashing horrors
  3 orc high priests (Orc:2)
  4 shock serpents
  A deep elf knight (D:13)
  A wretched star (Abyss:4)
  A sixfirhy (Abyss:2)
  A skeletal warrior (D:13)
  3 salamander mystics
  12 sea snakes
  2 spatial maelstroms
  14 deep trolls
  7 naga ritualists
  2 starcursed masses (Abyss:4)
  3 phantasmal warriors
  11 wizards
  3 lindwurms (Vaults:1)
  27 harpies
  2 deep elf zephyrmancers (D:13)
  4 orc knights
  13 fauns
  8 mana vipers
  5 orc sorcerers (Orc:2)
  2 deep elf pyromancers
  17 manticores
  4 ironbound convokers
  10 ugly things
  3 cyclopes
  2 worldbinders (Abyss:2)
  8 salamanders
  10 large abominations
  6 vault sentinels
  32 black mambas
  A guardian serpent (Snake:3)
  14 merfolk sirens
  25 elephants
  A centaur zombie (Abyss:2)
  3 water nymphs
  An eye of devastation (Abyss:2)
  A torpor snail (Lair:4)
  A rust devil (Abyss:2)
  A gargoyle (D:13)
  15 naga magi
  2 smoke demons
  4 centaur skeletons (D:13)
  10 cane toads
  A kobold demonologist (D:12)
  7 yaktaurs
  6 rime drakes
  11 komodo dragons
  2 ice devils (Abyss:2)
  A freezing wraith (D:12)
  3 ancient zymes
  A tengu conjurer (D:13)
  3 trolls
  2 burning bushes (Lair:6)
  5 polar bears (Lair:6)
  27 merfolk
  6 raiju
  5 wind drakes
  2 hornets
  32 blink frogs
  20 slime creatures
  A tarantella (Vaults:2)
  11 dream sheep
  A dream sheep (shapeshifter) (Vaults:1)
  An air elemental (Abyss:4)
  4 flying skulls (Abyss:2)
  14 snapping turtles
  2 shadows
  2 vampires
  A ynoxinul (Abyss:2)
  6 wyverns
  4 water elementals
  2 basilisks (D:8)
  6 wraiths
  A golden eye (Abyss:2)
  8 chaos spawn
  57 yaks
  6 vampire mosquitoes
  5 steam dragons
  A redback (Vaults:2)
  A neqoxec (Abyss:2)
  Grum (D:8)
  A warg (Orc:2)
  56 nagas
  A spatial vortex (Abyss:2)
  3 acid dragons
  22 water moccasins
  A sky beast (D:5)
  37 orc warriors
  6 black bears
  9 centaurs
  12 ogres
  7 wolves
  3 kobold brigands (D:7)
  Blork the orc (D:6)
  5 small abominations
  16 bullfrogs
  3 gnoll sergeants
  A cane toad simulacrum (IceCv)
  A scorpion (Lair:4)
  8 wights
  3 killer bees (D:8)
  4 electric eels
  7 howler monkeys
  A crimson imp (Abyss:2)
  2 hounds (D:7)
  19 jellies
  25 orc priests
  24 orc wizards
  A gnoll shaman (D:7)
  3 iguanas
  3 hell rats (Lair:1)
  13 gnolls
  6 river rats (Lair:1)
  5 adders
  2 shadow imps
  3 white imps
  2 ufetubi
  A worm (D:3)
  2 dart slugs
  81 orcs
  3 bats
  4 endoplasms
  4 giant cockroaches
  2 goblins (D:3)
  9 hobgoblins
  6 jackals (D:2)
  8 kobolds
  2 quokkas (D:4)
  6 ball pythons
  5 frilled lizards
  8 rats
  3 tentacles (Shoals:2)
1186 creatures vanquished.

Vanquished Creatures (others)
  An orc (D:13)
  48 fungi
  72 plants
  26 tentacles (Shoals:2)
147 creatures vanquished.

Grand Total: 1333 creatures vanquished

Notes
Turn   | Place    | Note
-------+----------+-------------------------------------------
     0 | D:1      | Ajdolov the Barachi Ice Elementalist began the quest for
                  | the Orb.
     0 | D:1      | Reached XP level 1. HP: 13/13 MP: 3/3
    37 | D:1      | Reached skill level 5 in Ice Magic
   246 | D:1      | Reached XP level 2. HP: 16/19 MP: 3/5
  1013 | D:2      | Found a faded altar of an unknown god.
  1066 | D:2      | Reached XP level 3. HP: 24/24 MP: 3/6
  1070 | D:2      | Learned a level 3 spell: Frozen Ramparts
  1123 | D:2      | Reached skill level 1 in Polearms
  2375 | D:3      | Reached XP level 4. HP: 30/30 MP: 3/7
  2773 | D:3      | Learned a level 3 spell: Ozocubu's Armour
  3424 | D:4      | Found a glowing silver altar of Zin.
  3424 | D:4      | Noticed an angel
  3583 | D:5      | Entered Level 5 of the Dungeon
  3583 | D:5      | Noticed a black bear
  3598 | D:5      | Killed a black bear
  3599 | D:5      | Reached XP level 5. HP: 26/35 MP: 1/8
  3775 | D:5      | Noticed a sky beast
  3792 | D:5      | Killed a sky beast
  3793 | D:5      | Reached XP level 6. HP: 3/41 MP: 3/9
  4112 | D:5      | Found a glowing golden altar of the Shining One.
  4359 | D:5      | Reached skill level 5 in Polearms
  4536 | D:5      | Found Lafefy's Assorted Antiques.
  4542 | D:5      | Bought a pair of gloves for 112 gold pieces
  4611 | D:5      | Reached XP level 7. HP: 46/46 MP: 3/10
  4953 | D:6      | Found a shimmering blue altar of Sif Muna.
  4953 | D:6      | Found a snail-covered altar of Cheibriados.
  4954 | D:6      | Found a sparkling altar of Nemelex Xobeh.
  4960 | D:6      | Found a staircase to the Ecumenical Temple.
  4965 | Temple   | Entered the Ecumenical Temple
  5076 | D:6      | Found an ancient bone altar of Kikubaaqudgha.
  5091 | D:6      | Became a worshipper of Cheibriados the Contemplative
  5717 | D:6      | Noticed Blork the orc
  5727 | D:6      | Reached XP level 8. HP: 39/52 MP: 4/11
  5744 | D:6      | Killed Blork the orc
  5971 | D:6      | Reached * piety under Cheibriados
  6828 | D:7      | Reached skill level 1 in Fighting
  7319 | D:7      | Reached XP level 9. HP: 55/64 MP: 3/12
  7322 | D:7      | Reached skill level 10 in Polearms
  7528 | D:7      | Reached skill level 5 in Fighting
  8506 | D:7      | Reached ** piety under Cheibriados
  8654 | D:7      | Found a broken altar of Ashenzari.
  8754 | D:8      | Noticed Grum
  8760 | D:8      | Reached XP level 10. HP: 45/74 MP: 6/13
  8762 | D:8      | Killed Grum
  9240 | D:8      | Noticed an elephant
  9257 | D:8      | Noticed a two-headed ogre
  9347 | D:8      | Killed an elephant
  9695 | D:8      | Reached *** piety under Cheibriados
  9696 | D:8      | Reached skill level 1 in Armour
  9696 | D:8      | Reached skill level 1 in Shields
  9919 | D:8      | Found a staircase to the Lair.
  9938 | D:8      | Killed a two-headed ogre
  9939 | D:8      | Reached skill level 2 in Armour
 10342 | D:9      | Found a shimmering altar of Xom.
 10759 | D:9      | Found a staircase to the Orcish Mines.
 10829 | D:9      | Reached skill level 3 in Armour
 10829 | D:9      | Reached XP level 11. HP: 63/83 MP: 7/14
 10926 | D:9      | Noticed a two-headed ogre
 10954 | D:9      | Noticed a purple ugly thing
 11344 | D:10     | Entered Level 10 of the Dungeon
 11749 | D:5      | Bought a scroll labelled DALATY ANGAIGE for 25 gold pieces
 11749 | D:5      | Bought a scroll labelled GYPLAU TYUNT for 25 gold pieces
 11749 | D:5      | Bought a scroll of magic mapping for 87 gold pieces
 11749 | D:5      | Bought a scroll of identify for 50 gold pieces
 11749 | D:5      | Bought a scroll labelled GYPLAU TYUNT for 25 gold pieces
 11749 | D:5      | Bought a scroll of identify for 50 gold pieces
 11969 | Lair:1   | Entered Level 1 of the Lair of Beasts
 12213 | Lair:1   | Identified the +6 broad axe "Wulej" {flame, rPois rCorr
                  | Str+3}
 12245 | Lair:1   | Reached skill level 4 in Armour
 12737 | Lair:1   | Reached **** piety under Cheibriados
 12738 | Lair:1   | Reached skill level 5 in Armour
 13575 | Lair:2   | Reached skill level 5 in Shields
 13776 | Lair:2   | Reached skill level 10 in Fighting
 13969 | Lair:2   | Reached skill level 6 in Armour
 14019 | Lair:2   | Found a runed translucent door.
 14019 | Lair:2   | Noticed tuurum's ghost (journeyman MiBe)
 14020 | Lair:2   | Noticed a boulder beetle
 14217 | Lair:2   | Noticed an eight-headed hydra
 14223 | Lair:2   | Killed an eight-headed hydra
 14224 | Lair:2   | Reached skill level 7 in Armour
 14232 | Lair:2   | Noticed a boulder beetle
 14239 | Lair:2   | Reached XP level 12. HP: 44/97 MP: 4/15
 14277 | Lair:2   | Killed a boulder beetle
 14278 | Lair:2   | Reached skill level 8 in Armour
 14278 | Lair:2   | Reached skill level 1 in Invocations
 14714 | Lair:2   | Reached skill level 9 in Armour
 14882 | Lair:2   | Reached skill level 10 in Armour
 15325 | Lair:2   | Identified the +4 ring mail of the Alphagorgon {Regen+}
 15476 | Lair:3   | Reached skill level 5 in Invocations
 15507 | Lair:3   | Found a frozen archway.
 15530 | IceCv    | Entered an ice cave
 15550 | Lair:3   | Reached ***** piety under Cheibriados
 15648 | Lair:3   | Noticed a seven-headed hydra
 15885 | Lair:3   | Found the +14 obsidian axe {vorpal, Mesm Drain Fly SInv}
 16134 | Lair:3   | Gained mutation: You can hop long distances. [Barachi
                  | growth]
 16134 | Lair:3   | Reached XP level 13. HP: 103/103 MP: 14/18
 16985 | Lair:4   | Noticed Josephine
 17003 | Lair:4   | Killed Josephine
 17057 | Lair:4   | Reached skill level 10 in Invocations
 17145 | Lair:4   | Reached skill level 5 in Dodging
 17291 | Lair:4   | Found a staircase to the Snake Pit.
 17501 | Lair:4   | Found a staircase to the Shoals.
 17554 | Lair:4   | Reached ****** piety under Cheibriados
 18152 | Lair:5   | Found a transporter.
 18154 | Lair:5   | Found a transporter.
 18156 | Lair:5   | Noticed kae's ghost (journeyman DgFE)
 18227 | Lair:5   | Found a bloodstained altar of Trog.
 18265 | Lair:5   | Reached XP level 14. HP: 110/110 MP: 21/21
 18266 | Lair:5   | Reached skill level 10 in Evocations
 18266 | Lair:5   | Reached XP level 15. HP: 115/115 MP: 22/22
 20092 | D:10     | Found an iron altar of Okawaru.
 20095 | D:10     | Found a white marble altar of Elyvilon.
 20131 | D:10     | Reached skill level 5 in Spellcasting
 20612 | D:11     | You fall into a shaft and drop 2 floors!
 20650 | D:13     | Reached XP level 16. HP: 114/122 MP: 19/25
 20915 | D:13     | Found a gate to the Vaults.
 21346 | D:13     | Identified the +0 pair of boots of Decompression {rF++
                  | Int-4}
 22228 | D:12     | Reached skill level 10 in Dodging
 22551 | D:12     | Reached skill level 10 in Spellcasting
 22575 | D:12     | Identified a scroll of acquirement
 22575 | D:12     | Acquired the +1 buckler "Kourhajo" {rF++ Int-2}
 23024 | D:12     | Cast into level 2 of the Abyss (a wizard)
 23060 | Abyss:2  | Found a corrupted altar of Lugonu.
 23090 | D:12     | Escaped the Abyss
 24189 | Lair:6   | Entered Level 6 of the Lair of Beasts
 24440 | Lair:6   | Reached skill level 1 in Fire Magic
 24680 | Lair:6   | Learned a level 4 spell: Hailstorm
 24725 | Lair:6   | Reached skill level 1 in Conjurations
 24783 | Lair:6   | Identified the +4 trident of Fee Simple {venom, Fly rPois}
 24988 | Lair:6   | Reached XP level 17. HP: 136/136 MP: 25/31
 25073 | Lair:6   | Found a staircase to the Slime Pits.
 25273 | Lair:6   | Acquired 941 gold pieces
 25275 | Lair:6   | Acquired 954 gold pieces
 25686 | Orc:1    | Entered Level 1 of the Orcish Mines
 25844 | Orc:1    | Found an iron altar of Okawaru.
 26049 | Orc:2    | Entered Level 2 of the Orcish Mines
 26057 | Orc:2    | Noticed Saint Roka
 26159 | Orc:1    | Killed Saint Roka
 26160 | Orc:1    | Reached skill level 5 in Conjurations
 26662 | Orc:2    | Found Isukel's Gadget Gallery.
 27448 | Orc:2    | Found a staircase to the Elven Halls.
 27626 | Orc:2    | Found Tatapady's Antique Armour Emporium.
 27627 | Orc:2    | Found Mupeclut's Antique Weapon Emporium.
 27630 | Orc:2    | Found Patso's General Store.
 27630 | Orc:2    | Found Genenuit's Jewellery Shoppe.
 27648 | Orc:2    | Bought a shiny helmet for 180 gold pieces
 27668 | Orc:2    | Bought a scroll of enchant armour for 112 gold pieces
 27668 | Orc:2    | Bought a wand of iceblast (4) for 120 gold pieces
 27670 | Orc:2    | Bought the ring "Heolif" {rF+ AC+4} for 650 gold pieces
 27987 | Snake:1  | Entered Level 1 of the Snake Pit
 28003 | Snake:1  | Reached skill level 11 in Armour
 28305 | Snake:1  | Found Zaupperr's Antique Weapon Boutique.
 28306 | Snake:1  | Found Gidamut's Assorted Antiques.
 28306 | Snake:1  | Found Gupnidao's General Store.
 28312 | Snake:1  | Found Laseqile's Book Shop.
 28315 | Snake:1  | Bought a potion of might for 148 gold pieces
 28315 | Snake:1  | Bought a scroll of teleportation for 111 gold pieces
 28326 | Snake:1  | Bought a condenser vane for 440 gold pieces
 28558 | Snake:1  | Reached skill level 5 in Fire Magic
 29103 | Snake:2  | Reached skill level 12 in Armour
 30417 | Snake:3  | Reached skill level 13 in Armour
 31181 | Snake:4  | Entered Level 4 of the Snake Pit
 31206 | Snake:4  | Reached XP level 18. HP: 137/144 MP: 27/32
 31546 | Snake:4  | Reached skill level 14 in Armour
 31919 | Snake:4  | Reached skill level 15 in Armour
 32674 | Snake:4  | Reached skill level 16 in Armour
 32832 | Snake:4  | Identified the +1 ring mail "Qeut" {+Inv rElec}
 33102 | Snake:4  | Got a serpentine rune of Zot
 33337 | Shoals:1 | Entered Level 1 of the Shoals
 33397 | Shoals:1 | Reached skill level 17 in Armour
 33462 | Shoals:1 | Noticed Jorgrun
 33480 | Shoals:1 | Killed Jorgrun
 33599 | Shoals:1 | Noticed Roxanne
 33687 | Shoals:1 | Killed Roxanne
 34411 | Shoals:2 | Reached skill level 18 in Armour
 34748 | Shoals:2 | Reached skill level 19 in Armour
 35042 | Shoals:2 | Reached XP level 19. HP: 150/150 MP: 33/33
 35432 | Shoals:3 | Cast into level 2 of the Abyss (merfolk impaler)
 35432 | Abyss:2  | Found a corrupted altar of Lugonu.
 35455 | Abyss:2  | Found a corrupted altar of Lugonu.
 35808 | Abyss:2  | Noticed a profane servitor
 36013 | Shoals:3 | Escaped the Abyss
 36325 | Shoals:3 | Noticed Ilsuiw
 36407 | Shoals:3 | Killed Ilsuiw
 36465 | Shoals:3 | Reached skill level 20 in Armour
 37138 | Shoals:4 | Entered Level 4 of the Shoals
 37890 | Shoals:4 | Got the Catalogue of the Damaging Birds
 37937 | Shoals:4 | Reached skill level 10 in Conjurations
 38115 | Shoals:4 | Got a barnacled rune of Zot
 38280 | Shoals:4 | Identified the +7 long sword of Evil {elec, Will+ Str+3
                  | Int-5}
 38357 | Shoals:4 | Noticed Polyphemus
 38401 | Shoals:4 | Killed Polyphemus
 38402 | Shoals:4 | Reached skill level 10 in Ice Magic
 39305 | Vaults:1 | Entered Level 1 of the Vaults
 39361 | Vaults:1 | Paralysed by a great orb of eyes for 2 turns
 39454 | Vaults:1 | Cast into level 2 of the Abyss (a wizard)
 39551 | Abyss:3  | Found a corrupted altar of Lugonu.
 39575 | Abyss:4  | Found a corrupted altar of Lugonu.
 39715 | Abyss:4  | Paralysed by an air elemental for 1 turns
 39811 | Abyss:4  | Noticed a bone dragon
 39896 | Vaults:1 | Escaped the Abyss
 40082 | Vaults:1 | Reached XP level 20. HP: 139/160 MP: 21/34
 40195 | Vaults:1 | Found Olaegy's Antique Armour Boutique.
 40497 | Vaults:1 | Reached skill level 5 in Stealth
 41534 | Vaults:2 | Reached skill level 10 in Shields
 42163 | Vaults:2 | Identified the +5 halberd "Zadduffa" {drain, rPois rC++
                  | Str+3 Dex-4}
 42504 | Vaults:2 | Found a transporter.
 42526 | Vaults:2 | Found a transporter.
 42527 | Vaults:2 | Identified the ring "Rilissef" {Fly rF+ rN+ Int-3}
 42600 | Vaults:2 | Mangled by a titanic slime creature

Illustrated notes

Levels and vault maps discovered:
D:1:      dpeg_arrival_rooms_with_view, layout_basic
D:2:      layout_basic, shapermc_ecumenical_altar_ellora
D:3:      layout_loops_cross, nrook_mini_backslash, dk_vineyard_1
D:4:      layout_rooms, zin_angel, portal_sewer_entry_f
D:5:      layout_loops_cross, lemuel_crystal_altar, serial_shops,
          shop_fountains, kennysheep_dice
D:6:      kennysheep_spiral_hall, layout_basic,
          chequers_temple_overflow_statue_of_worship, temple_doors_ab,
          dk_noncrumbling_3, uniq_blork_the_orc
D:7:      layout_loops_ring, ashenzari_altar_1, minmay_joined_circles
D:8:      layout_basic, david_lair_generic, minmay_misc_feat_five, uniq_grum
D:9:      layout_long_grid, overflow_temple_1_default, orc_0_dummy
D:10:     layout_big_octagon, kennysheep_mini_moat,
          mainiacjoe_overflow_alcove_4, hangedman_glass_teeth, disabler_island
D:11:     layout_loops_cross
D:12:     minmay_wizard_corner, layout_loops_ring
D:13:     layout_loops_ring, hangedman_vaults_entry_quadrant_bands
Temple:   nicolae_temple_hex_pool
Lair:1:   layout_long_grid, chequers_serial_rivers_large_a,
          kennysheep_abandoned_house, serial_bayou_shore_b
Lair:2:   layout_gridlike, ebering_ghost_inner_flame, fungi_pond_lemuel,
          lemuel_fruit_tree
Lair:3:   layout_cave_shapes, portal_ice_cave_rime, minivault_26,
          bh_autumn_forest_stairs, lemuel_fruit_fields, grunt_megastairs_3
Lair:4:   layout_regular_city, minmay_shoals_entry_hut, dummy_snake_entry,
          infiniplex_staircase_pool_2, uniq_josephine
Lair:5:   layout_layer_cave, gammafunk_ghost_wrathful_warriors,
          chequers_serial_rivers_marsh, grunt_megastairs_5, serial_bayou_shore_a
Lair:6:   gammafunk_lair_ancient_temple, layout_regular_city,
          minmay_slime_entry_jelly_boxes, evilmike_ambush
          [evilmike_ambush_outer_basic, evilmike_ambush_inner_basic]
Shoals:1: layout_shoals, uniq_roxanne, uniq_jorgrun
Shoals:2: layout_shoals
Shoals:3: layout_shoals, uniq_ilsuiw
Shoals:4: shoals_end_grunt_ice, layout_shoals, uniq_polyphemus
Snake:1:  layout_misc_corridors, grunt_ministairs_3, serial_bayou_pond_a,
          minmay_shoptagon
Snake:2:  layout_layer_cave, hangedman_snake_pattern, nicolae_snake_lava_pool
Snake:3:  layout_rooms, special_room, grunt_megastairs_2
Snake:4:  minmay_snake_end_coiled, layout_chambers
Orc:1:    layout_diamond_mine, okawaru_metal_pillars_3
Orc:2:    st_orc_congregation, layout_caves, nicolae_shop_gadgets,
          uniq_saint_roka
Vaults:1: vaults_mumra_hex, vaults_mumra_hexcomb, v_alt_pattern_3,
          hangedman_vaults_cutoff, ontoclasm_vaults_spin,
          nicolae_vaults_little_squares_1, nicolae_vaults_shelves_hall,
          ontoclasm_vaults_eye, nicolae_vaults_twisting_passages,
          layout_vaults_chaotic_city, serial_shops, nicolae_shop_hallway_stairs
Vaults:2: v_misc_4, nicolae_vaults_sealed_display, gammafunk_the_bubble
          [the_bubble_gammafunk_crates], ontoclasm_vaults_loading_screen,
          hangedman_vaults_corner_blocks, vaults_room_pools,
          vaults_room_large_hall, layout_vaults_omnigrid

Skill      XL: |  1  2  3  4  5  6  7  8  9 10 11 12 13 14 15 16 17 18 19 20 |
---------------+-------------------------------------------------------------+-----
Ice Magic      | 5 6 7 10 | 10.2
Polearms       | 1 3 4 5 7 9 12 14 | 14.0
Fighting       | 3 5 6 10 13 14 | 14.5
Armour         | 3 7 10 13 19 20 | 20.0
Shields        | 2 6 8 10 | 10.9
Invocations    | 7 10 | 10.0
Dodging        | 7 8 10 | 10.0
Evocations     | 7 10 | 10.3
Spellcasting   | 6 10 | 10.0
Fire Magic     | 4 6 7 8 |  8.7
Conjurations   | 3 8 9 10 | 10.0
Stealth        | 3 7 |  7.4

Action                   |  1- 3 |  4- 6 |  7- 9 | 10-12 | 13-15 | 16-18 | 19-21 || total
-------------------------+-------+-------+-------+-------+-------+-------+-------++-------
Melee: Spear             |    69 |    76 |    94 |       |       |       |       ||   239
       Punch             |       |     1 |     1 |     1 |       |       |       ||     3
       Trident           |       |       |   162 |   482 |   390 |  2013 |   687 ||  3734
       Demon trident     |       |       |       |       |       |       |   650 ||   650
Throw: Throwing net      |       |       |       |       |       |       |     1 ||     1
 Cast: Freeze            |    20 |       |       |       |       |       |       ||    20
       Frozen Ramparts   |     6 |    18 |    38 |    62 |    45 |   180 |    59 ||   408
       Ozocubu's Armour  |       |     3 |    18 |    32 |    24 |    83 |    33 ||   193
       Hailstorm         |       |       |       |       |       |    27 |    28 ||    55
Invok: Temporal Distorti |       |       |       |       |       |     1 |       ||     1
       Slouch            |       |       |       |       |       |     3 |     5 ||     8
 Abil: Hop               |       |       |     3 |     9 |     3 |    14 |    12 ||    41
Evoke: Wand              |       |       |     3 |     3 |       |    11 |     5 ||    22
       Condenser vane    |       |       |       |       |       |     1 |     2 ||     3
       Lightning rod     |       |       |       |       |       |       |     8 ||     8
  Use: Scroll            |       |       |       |    16 |     6 |    13 |     4 ||    39
       Potion            |       |       |       |     1 |     2 |     1 |     3 ||     7
 Stab: Sleeping          |     5 |     1 |       |     1 |     1 |     7 |     4 ||    19
       Distracted        |       |       |       |     1 |       |     2 |     2 ||     5
       Paralysed         |       |       |       |       |       |       |     3 ||     3
Armor: Robe              |    14 |    17 |    11 |       |       |       |       ||    42
       Leather armour    |       |       |    71 |       |       |       |       ||    71
       Ring mail         |       |       |     2 |   203 |   159 |   521 |   420 ||  1305
       Acid dragon scale |       |       |       |     1 |       |       |       ||     1
       Skin              |       |       |       |       |       |     1 |       ||     1
       Gold dragon scale |       |       |       |       |       |       |    37 ||    37
Dodge: Dodged            |    33 |    37 |   119 |   178 |   236 |   980 |   723 ||  2306
Block: Buckler           |       |       |       |    74 |   118 |   739 |   819 ||  1750
       Reflection        |       |       |       |       |       |    79 |    62 ||   141

Table legend: (Time is in decaauts)
 A = Elapsed time spent in this place.
 B = Non-inter-level travel time spent in this place.
 C = Inter-level travel time spent in this place.
 D = Time resting spent in this place.
 E = Time spent auto-exploring this place.
 F = Levels seen in this place.
 G = Mean time per level.
                   A        B        C        D        E       F      G
               +--------+--------+--------+--------+--------+-----+--------+
         Total |  67118 |  62065 |   5053 |   4734 |  43862 |  38 | 1766.3 |
       Dungeon |  22826 |  21027 |   1799 |   3154 |  14300 |  13 | 1755.8 |
        Temple |     86 |     71 |     15 |      0 |     58 |   1 |   86.0 |
          Lair |  15635 |  13635 |   2000 |    329 |  10546 |   6 | 2605.8 |
        Shoals |   8550 |   8035 |    515 |    672 |   5295 |   4 | 2137.5 |
     Snake Pit |   9317 |   8840 |    477 |    151 |   6925 |   4 | 2329.2 |
  Orcish Mines |   3688 |   3511 |    177 |    187 |   2305 |   2 | 1844.0 |
        Vaults |   5186 |   5118 |     68 |    178 |   4190 |   2 | 2593.0 |
         Abyss |   1812 |   1812 |      0 |     61 |    241 |   5 |  362.4 |
      Ice Cave |     15 |     15 |      0 |      0 |      0 |   1 |   15.0 |
               +--------+--------+--------+--------+--------+-----+--------+

Top non-repeatable levels by time:
 Snake:4: 3507 daAuts
  Lair:2: 3043 daAuts
Vaults:1: 2931 daAuts
Shoals:4: 2775 daAuts
   Orc:2: 2753 daAuts
  Lair:1: 2753 daAuts
  Lair:3: 2752 daAuts
 Snake:2: 2741 daAuts
     D:8: 2665 daAuts
  Lair:4: 2517 daAuts
  Lair:5: 2449 daAuts
    D:12: 2361 daAuts
     D:9: 2296 daAuts
Vaults:2: 2254 daAuts
     D:7: 2233 daAuts
